 Dungeon Crawl Stone Soup version 0.29.1-15-g9cfb28693d (webtiles) character file.

Game seed: 2084625803617515775

222754 KamiKatze the Sorcerer (level 18, -4/105 HPs)
             Began as a Deep Elf Conjurer on Apr 18, 2023.
             Was a High Priest of Vehumet.
             Slain by a yaktaur (13 damage)
             ... led by a vault warden
             ... on level 3 of the Vaults on Apr 19, 2023.
             The game lasted 03:25:41 (38575 turns).

KamiKatze the Sorcerer (Deep Elf Conjurer)         Turns: 38575, Time: 03:25:43

Health: -4/105     AC: 19    Str:  4    XL:     18   Next: 54%
Magic:  44/45      EV: 14    Int: 32    God:    Vehumet [*****.]
Gold:   3057       SH:  5    Dex: 13    Spells: 1/60 levels left

rFire   + . .      SeeInvis .   a - staff of air
rCold   + + .      Faith    .   e - +0 buckler
rNeg    . . .      Spirit   .   o - +2 robe {rC+ rF+}
rPois   .          Reflect  .   h - +2 hat
rElec   +          Harm     .   Z - +2 cloak {Will+}
rCorr   .          Rampage  .   X - +0 pair of gloves
Will    ++...                   D - +0 pair of boots
Stlth   ++++......              Y - amulet of magic regeneration
HPRegen 0.27/turn               v - ring of the Tortoise {AC+8}
MPRegen 0.69/turn               B - ring of protection from cold

@: no status effects
A: no striking features
}: 1/15 runes: serpentine
a: Renounce Religion


You were on level 3 of the Vaults.
You worshipped Vehumet.
Vehumet was extremely pleased with you.
You visited 6 branches of the dungeon, and saw 30 of its levels.
You also visited: Volcano.

You collected 3923 gold pieces.
You spent 866 gold pieces at shops.

Inventory:

Hand Weapons
 b - a +8 demon blade of venom
 I - the +4 short sword of Harmony {freeze, rCorr Int+4 SInv}
   (You found it on level 15 of the Dungeon)

   It freezes those it strikes, dealing additional cold damage.
   It can also slow down cold-blooded creatures.
   Int:       It affects your intelligence (+4).
   SInv:      It lets you see invisible.
   rCorr:     It protects you from acid and corrosion.
Missiles
 f - 5 throwing nets
 x - 31 poisoned darts
 R - a curare-tipped dart (quivered)
Armour
 e - a +0 buckler (worn)
 h - a +2 hat (worn)
 o - a +2 robe of resistance (worn)
 D - a +0 pair of boots (worn)
 Q - a scarf of resistance
 X - a +0 pair of gloves (worn)
 Z - a +2 cloak of willpower (worn)
Magical Staves
 a - a staff of air (weapon)
 K - a staff of death
Jewellery
 u - a +6 ring of intelligence
 v - the ring of the Tortoise (left hand) {AC+8}
   (You found it on level 4 of the Dungeon)

   [ring of protection]

   AC:        It affects your AC (+8).
 B - a ring of protection from cold (right hand)
 H - a ring of see invisible
 J - a ring of protection from cold
 M - a +6 ring of strength
 V - a ring of fire
 Y - an amulet of magic regeneration (around neck)
Wands
 m - a wand of mindburst (21)
 p - a wand of digging (24)
 y - a wand of roots (16)
 E - a wand of acid (13)
 S - a wand of flame (34)
Scrolls
 c - 5 scrolls of vulnerability
 g - 9 scrolls of fog
 k - 4 scrolls of summoning
 r - a scroll of magic mapping
 s - 7 scrolls of teleportation
 t - 6 scrolls of immolation
 F - a scroll of enchant armour
 P - 2 scrolls of amnesia
 U - a scroll of fear
Potions
 d - 7 potions of attraction
 i - 8 potions of heal wounds
 j - 10 potions of curing
 l - 4 potions of ambrosia
 n - a potion of berserk rage
 q - 2 potions of resistance
 w - 2 potions of mutation
 z - 6 potions of haste
 A - 2 potions of brilliance
 C - 4 potions of lignification
 G - 4 potions of invisibility
 L - a potion of magic
 N - 4 potions of might
 O - 4 potions of cancellation
 T - 3 potions of flight


   Skills:
 - Level 9.0 Fighting
 - Level 2.0 Throwing
 - Level 4.0 Armour
 - Level 6.0 Dodging
 - Level 9.0 Stealth
 - Level 5.0 Shields
 * Level 21.5 Spellcasting
 * Level 18.8 Conjurations
 - Level 10.0 Hexes
 - Level 10.0 Translocations
 * Level 10.5 Fire Magic
 * Level 2.7 Air Magic
 * Level 14.6 Earth Magic
 - Level 2.0 Evocations


You had one spell level left.
You knew the following spells:

 Your Spells              Type           Power      Damage    Failure   Level
a - Magic Dart            Conj           100%       1d8       0%          1
b - Searing Ray           Conj           100%       2d8       0%          2
c - Fulminant Prism       Conj/Hex       45%        3d21      1%          4
d - Iskenderun's Mystic   Conj/Tloc      91%        2d18      1%          4
e - Lee's Rapid Deconstr  Erth           45%        3d23*     1%          5
f - Iron Shot             Conj/Erth      48%        9d9       1%          6
g - Starburst             Conj/Fire      45%        6d13      1%          6
h - Orb of Destruction    Conj           50%        9d13      1%          7
i - Lehudib's Crystal Sp  Conj/Erth      48%        10d11     2%          8
j - Ignition              Fire           40%        3d12      26%         8
x - Maxwell's Capacitive  Air            33%        ∞         99%         8

Your spell library contained the following spells:

 Spells                   Type           Power      Damage    Failure   Level
 Shatter                  Erth           45%        3d35*     56%         9
 Apportation              Tloc           100%       N/A       1%          1
 Beastly Appendage        Tmut           68%        N/A       1%          1
 Necrotise                Necr           100%       1d9       1%          1
 Summon Small Mammal      Summ           100%       N/A       1%          1
 Dazzling Flash           Conj/Hex       100%       N/A       0%          3
 Blink                    Tloc           100%       N/A       1%          2
 Poisonous Vapours        Pois/Air       100%       N/A       1%          2
 Scorch                   Fire           100%       2d10      1%          2
 Sublimation of Blood     Necr           34%        N/A       1%          2
 Wereblood                Tmut           34%        N/A       1%          2
 Ignite Poison            Fire/Tmut/Pois 54%        N/A       1%          3
 Inner Flame              Hex/Fire       79%        N/A       1%          3
 Lesser Beckoning         Tloc           78%        N/A       1%          3
 Mephitic Cloud           Conj/Pois/Air  88%        N/A       1%          3
 Portal Projectile        Hex/Tloc       100%       N/A       1%          3
 Airstrike                Air            33%        2d(5-21)  1%          4
 Animate Armour           Summ/Erth      100%       N/A       1%          4
 Cause Fear               Hex            39%        N/A       1%          4
 Flame Wave               Conj/Fire      91%        2d19      1%          4
 Hailstorm                Conj/Ice       76%        3d16      1%          4
 Leda's Liquefaction      Hex/Erth       42%        N/A       1%          4
 Borgnjor's Vile Clutch   Necr/Erth      34%        N/A       1%          5
 Freezing Cloud           Conj/Ice/Air   44%        6-21      1%          5
 Lightning Bolt           Conj/Air       50%        1d71      1%          5
 Manifold Assault         Tloc           78%        N/A       1%          5
 Call Canine Familiar     Summ           34%        N/A       3%          3
 Spider Form              Tmut/Pois      34%        N/A       3%          3
 Summon Lightning Spire   Summ/Air       59%        N/A       7%          4
 Corpse Rot               Necr/Pois/Air  57%        N/A       9%          4
 Animate Dead             Necr           34%        N/A       12%         4
 Dispel Undead            Necr           34%        3d15      12%         4
 Ice Form                 Ice/Tmut       34%        N/A       12%         4
 Alistair's Intoxication  Tmut/Pois      22%        N/A       32%         5
 Blade Hands              Tmut           17%        N/A       32%         5
 Discord                  Hex            39%        N/A       78%         8
 Death Channel            Necr           17%        N/A       88%         6
 Simulacrum               Ice/Necr       17%        N/A       88%         6
 Summon Cactus Giant      Summ           17%        N/A       88%         6
 Haunt                    Necr/Summ      17%        N/A       100%        7
 Summon Hydra             Summ           17%        N/A       100%        7
 Infestation              Necr           17%        N/A       100%        8


Dungeon Overview and Level Annotations

Branches:
Dungeon (15/15)            Temple (1/1) D:6            Lair (5/5) D:8
  Swamp (0/4) Lair:3        Snake (4/4) Lair:3        Slime (0/5) Lair:5
    Orc (2/2) D:9             Elf (0/3) Orc:2        Vaults (3/5) D:14
  Crypt (0/3) Vaults:2     Depths (0/4) D:15        Volcano (visited)

Altars:
Ashenzari
Cheibriados
Dithmenos
Elyvilon
Fedhas
Gozag
Hepliaklqana
Kikubaaqudgha
Makhleb
Nemelex Xobeh
Okawaru
Qazlal
Ru
Sif Muna
Trog
Uskayaw
Vehumet
Wu Jian
Xom
Yredelemnul
Zin
The Shining One
Jiyva

Shops:
D:6 *   Orc:2 :*=*

Portals:
Trove: D:12 (give +3 storm dragon scales)


Message History

The yaktaur shoots a bolt.
The bolt hits you!!
Unknown command.
Casting: Iron Shot (safe; 1% risk of failure)
Confirm with . or Enter, or press ? or * to list all spells.
You erupt in a blast of force!
The mystic blast hits the yaktaur!!
The yaktaur is severely wounded.
The yaktaur is knocked back by the mystic blast.
The mystic blast hits the yaktaur!!
The yaktaur is heavily wounded.
The yaktaur is knocked back by the mystic blast.
The mystic blast hits the vault warden!
The vault warden is lightly wounded.
The vault warden is knocked back by the mystic blast.
An ironbound thunderhulk comes into view.
It is wielding a +0 dire flail.
Unknown command.
You close the large door.
Casting: Iskenderun's Mystic Blast (safe; 1% risk of failure)
Confirm with . or Enter, or press ? or * to list all spells.
Aiming: Fulminant Prism (safe; 1% risk of failure)
Press: ? - help, Dir - move target, f - you
Okay, then.
A yaktaur breaks down the large door.
The yaktaur wields a +0 arbalest.
The yaktaur shoots a bolt.
You block the bolt.
Casting: Fulminant Prism (safe; 1% risk of failure)
Confirm with . or Enter, or press ? or * to list all spells.
Aiming: Fulminant Prism (safe; 1% risk of failure)
Press: ? - help, Dir - move target, f - yaktaur
Aim: a yaktaur, wielding a +0 arbalest
Okay, then.
The yaktaur shoots a bolt.
The bolt hits you!!
The yaktaur shoots a bolt.
The bolt hits you!!
* * * LOW HITPOINT WARNING * * *
Unknown command.
Found 42 gold pieces.
The yaktaur shoots a bolt.
The bolt hits you!!
* * * LOW HITPOINT WARNING * * *
The yaktaur unwields a +0 arbalest.
The yaktaur closely misses you.
The vault warden hits you with a +4 battleaxe!
* * * LOW HITPOINT WARNING * * *
The yaktaur unwields a +0 arbalest.
The yaktaur hits you!
You die...

#...#...#...#
#...##'##...#
####.....####
#..#.....#..#
#..'.....'..########
#..#.....#..#$......
####.....####.......
#...##'##...#c......
#...#...#...@c......
#.).#...#...pc......
#####'##########.c.....
#.......## O......
##..<....## .......
##.......## .......
##....^..## .......
##.......## .......
##.......##


You could see a vault warden, an ironbound thunderhulk and 4 yaktaurs.

Vanquished Creatures
  Mara (Snake:3)
  Rupert (Orc:2)
  A sphinx (Vaults:1)
  Agnes (Snake:1)
  Kirke (Lair:5)
  4 nagarajas (Snake:4)
  Aizul (Snake:3)
  4 vault wardens
  7 ironbound preservers
  An orc warlord (Vaults:1)
  3 ironbound thunderhulks
  3 very ugly things (Vaults:1)
  4 dire elephants (Vaults:1)
  The ghost of ababab the Unseen, a journeyman FeEn of Dithmenos (Snake:2)
  2 crystal guardians (Vaults:2)
  5 yaktaur captains
  Josephine (Lair:4)
  Erolcha (D:9)
  7 boulder beetles
  A rakshasa (D:15)
  6 great orbs of eyes
  A peacekeeper (Vaults:2)
  6 hydras
  4 vault guards
  4 ironbound frosthearts
  An ogre mage (D:15)
  8 anacondas
  4 two-headed ogres
  6 centaur warriors
  4 catoblepae (Lair:5)
  16 death yaks
  17 naga warriors
  2 orc high priests (Orc:2)
  11 shock serpents
  13 naga sharpshooters
  4 salamander mystics (Snake:4)
  2 sea snakes (Snake:4)
  10 naga ritualists
  3 glowing orange brains
  12 deep trolls
  A steelbarb worm (shapeshifter) (D:14)
  3 wizards
  7 lindwurms
  5 orc knights
  An orange crystal statue (D:10)
  7 ironbound convokers
  5 harpies (Vaults:1)
  A deep elf pyromancer (D:15)
  4 manticores
  6 orc sorcerers
  15 mana vipers
  32 ugly things
  6 cyclopes
  6 salamanders
  17 elephants
  7 guardian serpents
  45 black mambas
  An eye of devastation (shapeshifter) (D:15)
  17 naga magi
  2 rust devils (D:8)
  3 gargoyles
  5 vault sentinels
  9 cane toads
  2 unseen horrors
  2 torpor snails
  An efreet (D:15)
  9 yaktaurs
  8 komodo dragons
  3 rime drakes
  4 tengu conjurers
  2 trolls
  Grinder (D:5)
  2 tyrant leeches (Lair:3)
  Prince Ribbit (D:6)
  4 dream sheep (Lair:3)
  36 slime creatures
  9 blink frogs
  A centaur simulacrum (D:15)
  A shadow (D:13)
  A vampire (D:12)
  3 wyverns
  6 wraiths
  55 yaks
  2 basilisks
  5 hogs (Lair:5)
  2 vampire mosquitoes (D:13)
  2 wargs (Orc:2)
  31 nagas
  25 water moccasins
  22 orc warriors
  Duvessa (D:6)
  3 black bears
  9 ogres
  3 ice beasts
  11 wolves
  7 centaurs
  A phantom (D:4)
  2 kobold brigands
  11 bullfrogs
  5 gnoll sergeants
  2 scorpions
  3 necrophages
  A water moccasin zombie (D:7)
  9 wights
  Dowan (D:6)
  6 killer bees (D:10)
  An electric eel (Lair:3)
  3 howler monkeys
  A centaur zombie (D:7)
  2 bullfrog zombies (D:7)
  A human zombie (D:7)
  2 hounds (D:4)
  2 jellies (D:5)
  32 orc priests
  5 iguanas
  Jessica (D:3)
  30 orc wizards
  15 hell rats
  2 killer bee zombies (D:7)
  2 mummies (D:7)
  A howler monkey zombie (D:7)
  9 adders
  20 gnolls
  11 river rats (Lair:3)
  An ufetubus (D:6)
  4 worms
  4 dart slugs
  61 orcs
  11 endoplasms
  4 giant cockroaches
  6 goblins
  6 hobgoblins
  4 quokkas
  5 ball pythons
  5 bats
  3 frilled lizards
  15 kobolds
  6 rats
  2 fulminant prisms
981 creatures vanquished.

Vanquished Creatures (others)
  2 humans (Lair:5)
  2 bushes
  497 fulminant prisms
  54 fungi
  101 plants
656 creatures vanquished.

Grand Total: 1637 creatures vanquished

Notes
Turn   | Place    | Note
-------+----------+-------------------------------------------
     0 | D:1      | KamiKatze the Deep Elf Conjurer began the quest for the
                  | Orb.
     0 | D:1      | Reached XP level 1. HP: 10/10 MP: 6/6
   160 | D:1      | Reached XP level 2. HP: 13/15 MP: 4/8
   217 | D:1      | Learned a level 2 spell: Searing Ray
   868 | D:2      | Reached XP level 3. HP: 19/19 MP: 6/9
  1232 | D:3      | Reached skill level 1 in Translocations
  1332 | D:3      | Reached skill level 1 in Throwing
  1351 | D:3      | Reached skill level 1 in Evocations
  1591 | D:3      | Reached skill level 1 in Hexes
  1832 | D:3      | Noticed Jessica
  1838 | D:3      | Killed Jessica
  1839 | D:3      | Reached XP level 4. HP: 24/24 MP: 6/11
  1844 | D:3      | Learned a level 4 spell: Fulminant Prism
  1850 | D:3      | Found a shimmering blue altar of Sif Muna.
  2061 | D:4      | Found the ring of the Tortoise {AC+8}
  2084 | D:4      | Noticed a scorpion
  2240 | D:4      | Reached XP level 5. HP: 28/28 MP: 8/12
  2539 | D:4      | Reached skill level 4 in Spellcasting
  2539 | D:4      | Reached skill level 5 in Conjurations
  2544 | D:4      | Learned a level 4 spell: Iskenderun's Mystic Blast
  2693 | D:4      | Reached XP level 6. HP: 32/32 MP: 10/14
  2806 | D:4      | Reached skill level 5 in Spellcasting
  2996 | D:5      | Entered Level 5 of the Dungeon
  3049 | D:5      | Reached XP level 7. HP: 18/36 MP: 3/16
  3602 | D:5      | Reached skill level 6 in Spellcasting
  3776 | D:5      | Reached skill level 5 in Hexes
  3899 | D:5      | Reached XP level 8. HP: 41/41 MP: 12/19
  4047 | D:5      | Noticed Grinder
  4096 | D:5      | Killed Grinder
  4153 | D:5      | Reached skill level 7 in Spellcasting
  4153 | D:5      | Reached skill level 5 in Translocations
  4296 | D:6      | Found a staircase to the Ecumenical Temple.
  4301 | Temple   | Entered the Ecumenical Temple
  4301 | Temple   | Found a transporter.
  4301 | Temple   | Found a transporter.
  4303 | Temple   | Found a transporter.
  4303 | Temple   | Found a transporter.
  4541 | D:6      | Noticed Duvessa
  4541 | D:6      | Noticed Dowan
  4544 | D:6      | Killed Dowan
  4547 | D:6      | Killed Duvessa
  4629 | D:6      | Noticed Prince Ribbit
  4704 | D:6      | Killed Prince Ribbit
  4705 | D:6      | Reached skill level 8 in Spellcasting
  4705 | D:6      | Reached XP level 9. HP: 38/45 MP: 10/23
  4788 | D:6      | Learned a level 6 spell: Starburst
  4826 | D:6      | Found a radiant altar of Vehumet.
  4826 | D:6      | Found a sparkling altar of Nemelex Xobeh.
  4843 | D:6      | Became a worshipper of Vehumet
  4871 | D:6      | Found Zof Ykhlu's Fire Supplies.
  5214 | D:6      | Found a glowing golden altar of the Shining One.
  5427 | D:7      | Found a snail-covered altar of Cheibriados.
  5622 | D:7      | Reached * piety under Vehumet
  5622 | D:7      | Offered knowledge of Foxfire by Vehumet.
  5895 | D:7      | Found an ancient bone altar of Kikubaaqudgha.
  5905 | D:7      | Reached skill level 9 in Spellcasting
  6394 | D:8      | Found a staircase to the Lair.
  6397 | D:8      | Found an opulent altar of Gozag.
  6422 | D:8      | Reached skill level 1 in Fire Magic
  7174 | D:9      | Reached XP level 10. HP: 51/51 MP: 9/25
  7346 | D:9      | Reached skill level 1 in Armour
  7357 | D:9      | Reached skill level 1 in Fighting
  7499 | D:9      | Found a staircase to the Orcish Mines.
  7540 | D:9      | Found an ornate altar of the Wu Jian Council.
  7594 | D:9      | Identified the +0 ring mail of Foh Inwu {rElec Dex+4
                  | Stlth-}
  7741 | D:9      | Reached ** piety under Vehumet
  7744 | D:9      | Offered knowledge of Poisonous Vapours by Vehumet.
  7786 | D:9      | Noticed Erolcha
  7795 | D:9      | Killed Erolcha
  8313 | D:9      | Found a shadowy altar of Dithmenos.
  8434 | D:8      | Noticed a rust devil
  8434 | D:8      | Noticed a rust devil
  8443 | D:8      | Killed a rust devil
  8444 | D:8      | Reached skill level 10 in Spellcasting
  8451 | D:8      | Killed a rust devil
  8569 | D:8      | Identified the +9 halberd "Wielur" {vorpal, Dex+5}
  8610 | D:10     | Entered Level 10 of the Dungeon
  8681 | D:10     | Found a shimmering altar of Xom.
  8892 | D:10     | Found a runed translucent door.
  8898 | D:10     | Found a runed translucent door.
  8910 | D:10     | Found a runed translucent door.
  8930 | D:10     | Found a runed translucent door.
  9113 | D:10     | Offered knowledge of Ignite Poison by Vehumet.
  9174 | D:10     | Reached XP level 11. HP: 46/57 MP: 18/27
  9478 | D:10     | Reached skill level 10 in Hexes
  9645 | D:10     | Found a broken altar of Ashenzari.
  9922 | Lair:1   | Entered Level 1 of the Lair of Beasts
  9922 | Lair:1   | You fall into a shaft and drop 1 floor!
 10073 | Lair:1   | Reached skill level 5 in Stealth
 10115 | Lair:1   | Reached *** piety under Vehumet
 10267 | Lair:1   | Reached skill level 5 in Fire Magic
 10385 | Lair:1   | Reached skill level 11 in Spellcasting
 10484 | Lair:1   | Reached skill level 10 in Conjurations
 10861 | Lair:1   | Noticed a six-headed hydra
 10868 | Lair:1   | Killed a six-headed hydra
 10868 | Lair:1   | Offered knowledge of Sticky Flame by Vehumet.
 11753 | Lair:2   | Reached XP level 12. HP: 64/64 MP: 9/29
 12217 | Lair:3   | Reached skill level 12 in Spellcasting
 12269 | Lair:3   | Found a dark tunnel.
 12282 | Lair:3   | Reached **** piety under Vehumet
 12354 | Volcano  | Entered a volcano
 12433 | Volcano  | Noticed a centaur warrior
 12439 | Volcano  | Killed a centaur warrior
 12498 | Volcano  | Identified a scroll of acquirement
 12498 | Volcano  | Acquired the +1 cloak "Evotuedd" {Will+}
 12527 | Volcano  | Noticed a red draconian
 12684 | Lair:3   | Found a staircase to the Snake Pit.
 12688 | Lair:3   | Offered knowledge of Stone Arrow by Vehumet.
 12869 | Lair:3   | Noticed a death yak
 12869 | Lair:3   | Noticed a death yak
 12870 | Lair:3   | Noticed a death yak
 12894 | Lair:3   | Noticed a death yak
 12894 | Lair:3   | Noticed a death yak
 12904 | Lair:3   | Killed a death yak
 12905 | Lair:3   | Reached skill level 10 in Translocations
 12907 | Lair:3   | Killed a death yak
 12915 | Lair:3   | Killed a death yak
 12917 | Lair:3   | Noticed a six-headed hydra
 12928 | Lair:3   | Killed a death yak
 13039 | Lair:3   | Killed a six-headed hydra
 13237 | Lair:2   | Killed a death yak
 13541 | Lair:3   | Reached skill level 13 in Spellcasting
 13933 | Lair:3   | Reached XP level 13. HP: 72/72 MP: 17/32
 14053 | Lair:3   | Found a staircase to the Swamp.
 14219 | Lair:4   | Noticed Josephine
 14223 | Lair:4   | Killed Josephine
 14223 | Lair:4   | Reached ***** piety under Vehumet
 14396 | Lair:4   | Offered knowledge of Orb of Destruction by Vehumet.
 14903 | Lair:4   | Learned a level 7 spell: Orb of Destruction
 15631 | Lair:4   | Learned a level 6 spell: Iron Shot
 15724 | Lair:5   | Entered Level 5 of the Lair of Beasts
 15724 | Lair:5   | Found a staircase to the Slime Pits.
 15724 | Lair:5   | Found a viscous altar of Jiyva.
 15773 | Lair:5   | Reached skill level 1 in Earth Magic
 15866 | Lair:5   | Reached skill level 14 in Spellcasting
 15877 | Lair:5   | Reached skill level 5 in Fighting
 16216 | Lair:5   | Reached skill level 5 in Dodging
 16254 | Lair:5   | Noticed Kirke
 16350 | Lair:5   | Killed Kirke
 16772 | Lair:5   | Reached XP level 14. HP: 78/78 MP: 13/34
 17949 | Lair:5   | Reached skill level 15 in Spellcasting
 17963 | Lair:5   | Reached skill level 5 in Earth Magic
 18570 | Orc:1    | Entered Level 1 of the Orcish Mines
 18880 | Orc:2    | Entered Level 2 of the Orcish Mines
 18887 | Orc:2    | Reached skill level 10 in Fire Magic
 18889 | Orc:2    | Offered knowledge of Lee's Rapid Deconstruction by Vehumet.
 18926 | Orc:2    | Learned a level 5 spell: Lee's Rapid Deconstruction
 19083 | Orc:2    | Found a staircase to the Elven Halls.
 19511 | Orc:2    | Noticed Rupert
 19527 | Orc:2    | Killed Rupert
 19719 | Orc:2    | Found Uffenn's Jewellery Boutique.
 19719 | Orc:2    | Found Vigeshu's General Store.
 19892 | Orc:2    | Found Wissi's General Store.
 19896 | Orc:2    | Found Lual's Book Shop.
 20062 | Orc:1    | Offered knowledge of Ozocubu's Refrigeration by Vehumet.
 20721 | Orc:2    | Bought a scroll of identify for 34 gold pieces
 20978 | D:12     | Found a portal to a secret trove of treasure.
 21549 | D:12     | Reached skill level 16 in Spellcasting
 22887 | D:14     | Found a bloodstained altar of Trog.
 22958 | D:14     | Reached XP level 15. HP: 84/84 MP: 30/37
 23290 | D:14     | Found a sacrificial altar of Ru.
 23403 | D:14     | Found a gate to the Vaults.
 23756 | D:15     | Entered Level 15 of the Dungeon
 23783 | D:15     | Offered knowledge of Spellforged Servitor by Vehumet.
 23795 | D:15     | Reached skill level 17 in Spellcasting
 23802 | D:15     | Reached skill level 15 in Conjurations
 24405 | D:15     | Found a staircase to the Depths.
 24408 | D:15     | Reached ****** piety under Vehumet
 24442 | D:15     | Identified the +4 short sword of Harmony {freeze, rCorr
                  | Int+4 SInv}
 24533 | D:15     | Identified the +5 long sword of the Dancing Whale {elec,
                  | Int+5}
 25380 | Orc:2    | Bought a scroll of acquirement for 832 gold pieces
 25568 | Snake:1  | Entered Level 1 of the Snake Pit
 25675 | Snake:1  | Offered knowledge of Irradiate by Vehumet.
 25676 | Snake:1  | Reached skill level 10 in Earth Magic
 25861 | Snake:1  | Reached skill level 18 in Spellcasting
 26061 | Snake:1  | Noticed Agnes
 26066 | Snake:1  | Killed Agnes
 26067 | Snake:1  | Reached XP level 16. HP: 80/92 MP: 21/40
 28489 | Snake:2  | Found a large runed translucent door.
 28489 | Snake:2  | Found a large runed translucent door.
 28492 | Snake:2  | Noticed ababab's ghost (journeyman FeEn)
 28990 | Snake:3  | Reached skill level 19 in Spellcasting
 29100 | Snake:3  | Noticed Mara
 29132 | Snake:3  | Killed Mara
 29812 | Snake:3  | Noticed Aizul
 29825 | Snake:3  | HP: 1/94 [Aizul/bolt of poison (23)]
 29837 | Snake:3  | Killed Aizul
 30166 | Snake:3  | Offered knowledge of Yara's Violent Unravelling by Vehumet.
 31514 | Snake:4  | Entered Level 4 of the Snake Pit
 31521 | Snake:4  | Reached XP level 17. HP: 99/99 MP: 36/42
 31811 | Snake:4  | Reached skill level 1 in Shields
 32802 | Snake:4  | Reached skill level 20 in Spellcasting
 33307 | Snake:4  | Got a serpentine rune of Zot
 33477 | Snake:2  | Killed ababab's ghost
 33603 | Lair:1   | Acquired 757 gold pieces
 33753 | Vaults:1 | Entered Level 1 of the Vaults
 33860 | Vaults:1 | Offered knowledge of Lehudib's Crystal Spear by Vehumet.
 33913 | Vaults:1 | Learned a level 8 spell: Lehudib's Crystal Spear
 35128 | Vaults:1 | Reached XP level 18. HP: 105/105 MP: 36/44
 35804 | Vaults:1 | Reached skill level 21 in Spellcasting
 36196 | Vaults:1 | Identified the +4 arbalest of Rizauc {venom, rPois rCorr
                  | Dex-4 SInv}
 36456 | Vaults:2 | Offered knowledge of Shatter by Vehumet.
 36456 | Vaults:2 | Offered knowledge of Ignition by Vehumet.
 36456 | Vaults:2 | Offered knowledge of Maxwell's Capacitive Coupling by
                  | Vehumet.
 36466 | Vaults:2 | Learned a level 8 spell: Maxwell's Capacitive Coupling
 36624 | Vaults:2 | Reached skill level 1 in Air Magic
 36665 | Vaults:2 | Learned a level 8 spell: Ignition
 37019 | Vaults:2 | Found a staircase to the Crypt.
 37216 | Vaults:2 | Reached skill level 5 in Shields
 38575 | Vaults:3 | Slain by a yaktaur

Illustrated notes

Levels and vault maps discovered:
D:1:      moated_graveyard_arrival, layout_rooms
D:2:      layout_loops_ring
D:3:      layout_loops_ring, tgw_sif, minmay_starry_boxes
D:4:      layout_loops_ring
D:5:      layout_rooms, uniq_grinder
D:6:      layout_rooms, marbit_many_paths, mainiacjoe_overflow_divided_tiny,
          minmay_temple_entry_nine_rooms, nicolae_shop_fire_sale
          [nicolae_sub_dead_trees], eino_curves_02, item_on_display_a,
          uniq_duvessa, uniq_prince_ribbit1
D:7:      layout_gridville, lemuel_tele_altar,
          lemuel_mausoleum_altar_kikubaaqudgha
D:8:      cheibrodos_iron_armory, layout_basic,
          mainiacjoe_overflow_six_doors_small
D:9:      layout_basic, kennysheep_mini_moat, mainiacjoe_overflow_tiny_flanked,
          orc_0_dummy, uniq_erolcha
D:10:     layout_gridville, cheibrodos_ashenzari_chains, xom_teletrap_fun,
          ebering_dispersal_statue_hall, minmay_statue_crystal_thing
D:11:     layout_roguey
D:12:     layout_basic, nicolae_trove_entry_crossroad
D:13:     layout_roguey, eino_small_chamber_without_monster,
          minmay_misc_feat_doors
D:14:     layout_grid_maze, skrybe_vaults_entry_preservation,
          nicolae_ru_path_of_blood, st_stairs_1, trog_three_pillars_becter
D:15:     gammafunk_enter_depths_forms, layout_long_grid, serial_park_tiny_pond
Temple:   hellmonk_temple_divided_pantheon
Lair:1:   layout_cave_pods, fungi_pond_lemuel, nicolae_lair_lil_pond
Lair:2:   layout_misc_corridors, lemuel_old_faithful
Lair:3:   layout_loops_ring, minmay_swamp_entry_worms,
          minmay_snake_entry_six_corridors, enter_volcano_1, st_stairs_5,
          chequers_serial_rivers_micro_c, nicolae_quartered_pool_little,
          kennysheep_rathole
Lair:4:   layout_cave_pods, uniq_josephine
Lair:5:   evilmike_catoblepas_cave, layout_long_grid, slime_entry_1,
          columned_hall_lemuel, uniq_kirke
Snake:1:  layout_onion, nicolae_coiled_stairwell_down, grunt_megastairs_3,
          uniq_agnes
Snake:2:  layout_layer_cave, ebering_ghost_disaster_area,
          nicolae_triple_integral
Snake:3:  layout_layer_cave, uniq_aizul, uniq_mara
Snake:4:  snake_pit, layout_cave_town, serial_bayou_pond_b
Orc:1:    layout_caves
Orc:2:    st_orc_mages, layout_diamond_mine, basic_altar, uniq_rupert
Vaults:1: nicolae_vaults_diagonal_hallway_7, grunt_vaults_funnel,
          ontoclasm_vaults_ring_small, vaults_room_octagon,
          grunt_vaults_bifocal, nicolae_vaults_network_s, vaults_dpeg_diagonal,
          vaults_room_semicircle, ontoclasm_vaults_tryst,
          nicolae_vaults_little_squares_6, v_misc_4, v_pattern_1,
          vaults_room_stairs_pillars, layout_vaults_omnicross
Vaults:2: v_alt_pattern_1, vaults_room_door_ring,
          nicolae_vaults_network_periphery, ontoclasm_vaults_eye,
          nicolae_vaults_gold_heap, hangedman_vaults_impose,
          nicolae_vaults_little_squares_5, grunt_vaults_diagonal,
          layout_vaults_omnigrid
Vaults:3: vaults_room_pools, hangedman_vaults_hat,
          nicolae_vaults_big_angled_halls, v_misc_18, st_spiral_rooms,
          vaults_room_pool, nicolae_vaults_rhombus_7, grunt_vaults_twisty,
          v_misc_24, hangedman_vaults_maws, vaults_room_door_hall, v_rooms_3,
          vaults_room_door_ring, vaults_room_pools,
          nicolae_vaults_circle_grid_a, layout_vaults_maze, uniq_boris

Skill      XL: |  1  2  3  4  5  6  7  8  9 10 11 12 13 14 15 16 17 18 |
---------------+-------------------------------------------------------+-----
Translocations | 1 2 3 4 5 7 8 9 10 | 10.0
Throwing       | 1 2 |  2.0
Evocations     | 1 2 |  2.0
Dodging        | 3 5 6 |  6.0
Hexes          | 1 2 3 5 7 8 9 10 | 10.0
Stealth        | 3 4 6 7 9 |  9.0
Spellcasting   | 4 5 6 8 9 10 11 13 14 16 18 19 20 21 | 21.5
Conjurations   | 5 6 7 8 9 10 11 13 14 15 17 18 | 18.8
Fire Magic     | 1 4 6 8 9 10 | 10.5
Armour         | 2 3 4 |  4.0
Fighting       | 2 3 4 5 6 7 8 9 |  9.0
Earth Magic    | 4 7 10 12 13 14 | 14.6
Shields        | 4 5 |  5.0
Air Magic      | 2 |  2.7

Action                   |  1- 3 |  4- 6 |  7- 9 | 10-12 | 13-15 | 16-18 || total
-------------------------+-------+-------+-------+-------+-------+-------++-------
Melee: Unarmed           |     1 |       |       |       |       |       ||     1
       Dagger            |       |     1 |    41 |       |       |       ||    42
       Punch             |       |       |     2 |     1 |       |       ||     3
       Short sword       |       |       |       |    14 |       |       ||    14
       Demon blade       |       |       |       |       |     3 |     3 ||     6
 Cast: Magic Dart        |    91 |    41 |    45 |     5 |     3 |     2 ||   187
       Searing Ray       |       |    12 |    28 |    10 |     2 |     3 ||    55
       Iskenderun's Myst |       |     2 |    39 |   115 |   114 |   118 ||   388
       Fulminant Prism   |       |       |    20 |   129 |   203 |   147 ||   499
       Starburst         |       |       |       |     4 |    12 |     2 ||    18
       Orb of Destructio |       |       |       |       |    83 |   146 ||   229
       Iron Shot         |       |       |       |       |    85 |   128 ||   213
       Lee's Rapid Decon |       |       |       |       |    21 |    34 ||    55
       Lehudib's Crystal |       |       |       |       |       |     2 ||     2
Evoke: Wand              |       |       |       |       |     1 |       ||     1
  Use: Potion            |       |     2 |       |     2 |       |    12 ||    16
       Scroll            |       |     1 |       |    27 |     7 |     6 ||    41
 Stab: Sleeping          |       |     1 |     1 |       |       |       ||     2
Armor: Robe              |       |     5 |    67 |    40 |    30 |    44 ||   186
Dodge: Dodged            |     5 |     7 |    70 |    52 |    58 |    56 ||   248
Block: Other             |       |       |       |    17 |     6 |       ||    23
       Reflection        |       |       |       |     1 |       |       ||     1
       Buckler           |       |       |       |       |       |    12 ||    12
